 Dungeon Crawl Stone Soup version 0.22.1-1-ga44c0e56f4 (webtiles) character file.

65 PikkenKukken the Grave Robber (level 3, 0/26 HPs)
             Began as a Draconian Necromancer on Oct 7, 2018.
             Succumbed to an adder's poison
             ... on level 2 of the Dungeon.
             The game lasted 00:05:58 (1686 turns).

PikkenKukken the Grave Robber (DrNe)                Turns: 1686, Time: 00:05:58

Health: 0/26       AC:  5    Str: 10    XL:     3   Next: 94%
Magic:  2/2        EV: 12    Int: 16    God:
Gold:   46         SH:  0    Dex: 11    Spells: 1/6 levels left

rFire    + . .     SeeInvis .   m - +1 dagger (antimagic)
rCold    + . .     Gourm    .   (no shield)
rNeg     . . .     Faith    .   (armour unavailable)
rPois    .         Spirit   .   (helmet restricted)
rElec    .         Reflect  .   d - scarf {rC+ rF+}
rCorr    +         Harm     .   (no gloves)
MR       .....                  (no boots)
Stlth    ++........             (no amulet)
HPRegen  0.08/turn              g - ring of flight
MPRegen  0.08/turn              k - ring of resist corrosion

@: lethally poisoned (0 -> -3), very slightly contaminated, invisible
A: unfitting armour, cold-blooded, AC +5
a: Evoke Flight


You were on level 2 of the Dungeon.
You were not hungry.

You visited 1 branch of the dungeon, and saw 2 of its levels.

You collected 46 gold pieces.

Inventory:

Hand Weapons
 f - a +1 mace
 m - a +1 antimagic dagger (weapon)
Missiles
 e - 35 stones (quivered)
Armour
 d - a scarf of resistance (worn)
Jewellery
 g - a ring of flight (left hand)
 k - a ring of resist corrosion (right hand)
Scrolls
 a - a scroll of remove curse
 l - a scroll of noise {unknown}
Potions
 c - a potion of lignification
Comestibles
 b - 2 rations
 h - 2 chunks of flesh


   Skills:
 - Level 1.7 Dodging
 - Level 1.7 Stealth
 - Level 2.0 Spellcasting
 + Level 5.6 Necromancy


You had one spell level left.
You knew the following spells:

 Your Spells              Type           Power        Failure   Level  Hunger
a - Pain                  Necr           ###.         1%          1    #......
b - Animate Skeleton      Necr           N/A          1%          1    #......
c - Vampiric Draining     Necr           ###.......   6%          3    ###....

Your spell library contained the following spells:

 Spells                   Type           Power        Failure   Level  Hunger
 Regeneration             Chrm/Necr      ##........   21%         3    ###....
 Animate Dead             Necr           N/A          21%         4    #####..


Dungeon Overview and Level Annotations

Branches:
Dungeon (2/15)

Altars:
Ashenzari
Okawaru


Innate Abilities, Weirdness & Mutations

Your plain brown scales are hard. (AC +5)
You cannot fit into any form of body armour.
You are cold-blooded and may be slowed by cold attacks.


Message History

You are poisoned.
The adder poisons you!
You closely miss the adder.
The adder is heavily wounded.
* * * LOW HITPOINT WARNING * * *
You feel sick. The bat hits your hobgoblin skeleton.
The adder barely misses you. The bat hits your hobgoblin skeleton.
Your hobgoblin skeleton is destroyed!
The adder barely misses you.
You fade into invisibility!
The bat hits you but does no damage. The adder barely misses you.
You are very lightly contaminated with residual magic.
The bat hits you but does no damage.
* * * LOW HITPOINT WARNING * * *
You feel sick. The bat hits you but does no damage.
The adder bites you but does no damage. The bat closely misses you.
You feel sick. The adder bites you.
* * * LOW HITPOINT WARNING * * *
You die...

...............##
#.#
..##.#.....)..####
#.#
.................#
#.#
.............###.#
#.# .............#
#b# #.#
..##.##......# #S#
#.# ...#.##......#
#.# #.#
.#.#.##......# #.#
#.# .#...##......#
#@# #.#
.##..##......# #.#
#.# .##..#########
#.# #.# .....# #.#
#.# ######
#.##########.#
#............#
##############


You could see an adder (wandering) and a bat.

Vanquished Creatures
  2 adders (D:2)
  An ooze (D:1)
  A dart slug (D:2)
  2 leopard geckos
  4 bats
  A giant cockroach (D:2)
  3 goblins
  5 hobgoblins
  2 jackals (D:1)
  A ball python (D:1)
  A frilled lizard (D:2)
  2 kobolds
  3 rats (D:1)
28 creatures vanquished.

Vanquished Creatures (collateral kills)
  An ooze (D:2)
  A hobgoblin (D:1)
  A kobold (D:1)
  3 bats (D:1)
  2 frilled lizards (D:1)
8 creatures vanquished.

Grand Total: 36 creatures vanquished

Notes
Turn   | Place    | Note
-------+----------+-------------------------------------------
     0 | D:1      | PikkenKukken the Draconian Necromancer began the quest for
                  | the Orb.
     0 | D:1      | Reached XP level 1. HP: 14/14 MP: 3/3
    24 | D:1      | Learned a level 1 spell: Animate Skeleton
   212 | D:1      | Reached XP level 2. HP: 20/20 MP: 5/5
   622 | D:2      | Found an iron altar of Okawaru.
   765 | D:2      | Reached skill level 5 in Necromancy
   765 | D:2      | Reached XP level 3. HP: 23/26 MP: 6/6
   782 | D:2      | Learned a level 3 spell: Vampiric Draining
  1370 | D:2      | Found a shattered altar of Ashenzari.
  1682 | D:2      | HP: 1/26 [adder (3)]
  1686 | D:2      | Succumbed to an adder's poison

Skill      XL: |  1  2 |
---------------+-------+-----
Necromancy     | 5 |  5.6
Dodging        | |  1.7
Stealth        | |  1.7
Spellcasting   | |  2.0

Action                   || total
-------------------------++-------
Melee: Mace              ||    98
       Tailslap          ||     8
       Dagger            ||    35
 Cast: Animate Skeleton  ||    14
       Pain              ||     1
       Vampiric Draining ||     2
  Use: Scroll            ||     8
       Potion            ||     3
 Stab: Sleeping          ||     3
  Eat: Chunk             ||     3
Armor: Skin              ||    90
Dodge: Dodged            ||   167
